 Seeded DCSS version 0.28-a0-628-g3c9886e45e (webtiles) character file.

Game seed: 20211008 (custom seed)

280 a11behringer the Chopper (level 6, -2/53 HPs)
             Began as a Hill Orc Cinder Acolyte on Oct 8, 2021.
             Was a High Priest of Ignis.
             Succumbed to an orc's poison
             ... on level 3 of the Dungeon.
             The game lasted 00:12:32 (4112 turns).

a11behringer the Chopper (Hill Orc Cinder Acolyte)  Turns: 4112, Time: 00:12:33

Health: -2/53      AC: 10    Str: 18    XL:     6   Next: 27%
Magic:  7/7        EV:  5    Int: 14    God:    Ignis [*****.]
Gold:   87         SH:  5    Dex:  7    Spells: 7/7 levels left

rFire   + + .      SeeInvis .   a - -1 hand axe (flame)
rCold   . . .      Faith    .   (no shield)
rNeg    . . .      Spirit   .   q - +0 plate armour
rPois   .          Reflect  +   (no helmet)
rElec   .          Harm     .   (no cloak)
rCorr   .          Rampage  .   (no gloves)
Will    .....                   (no boots)
Stlth   ..........              l - amulet of reflection
HPRegen 0.17/turn               j - ring of protection from fire
MPRegen 0.10/turn               (no ring)

@: lethally poisoned (-2 -> -30)
A: no striking features
a: Renounce Religion, Sea of Fire, Foxfire Swarm, Rising Flame


You were on level 3 of the Dungeon.
You worshipped Ignis.
Ignis was extremely pleased with you.
You visited 1 branch of the dungeon, and saw 3 of its levels.

You collected 87 gold pieces.

Inventory:

Hand Weapons
 a - a -1 hand axe of flaming (weapon)
Missiles
 c - 7 poisoned darts
 h - 3 boomerangs (quivered)
 i - 9 javelins
 u - 2 throwing nets
Armour
 b - a +0 robe
 q - a +0 plate armour (worn)
Jewellery
 j - a ring of protection from fire (left hand)
 l - an amulet of reflection (around neck)
Scrolls
 d - 2 scrolls of blinking {unknown}
 e - a scroll of amnesia
 n - a scroll of identify
 o - a scroll of enchant weapon {unknown}
 s - a scroll of noise {unknown}
Potions
 f - a potion of resistance {unknown}
 g - 2 potions of flight {unknown}
 k - a potion of brilliance
 m - a potion of lignification {unknown}
 p - a potion of might {unknown}
 r - a potion of magic {unknown}
 t - 3 potions of curing {unknown}
 v - a potion of mutation {unknown}


   Skills:
 + Level 4.4 Fighting
 * Level 7.6 Axes
 * Level 1.5 Armour
 - Level 1.1 Dodging
 + Level 1.0 Spellcasting
 - Level 3.7 Fire Magic


You had 7 spell levels left.
You didn't know any spells.
Your spell library contained the following spells:

 Spells                   Type           Power      Damage    Failure   Level
 Scorch                   Fire           22%        2d6       99%         2
 Apportation              Tloc           0%         N/A       100%        1
 Blink                    Tloc           N/A        N/A       100%        2
 Manifold Assault         Tloc           0%         N/A       100%        5
 Storm Form               Tmut/Air       0%         N/A       100%        7


Dungeon Overview and Level Annotations

Branches:
Dungeon (3/15)

Altars:
Kikubaaqudgha
Uskayaw


Message History

You closely miss the orc. You hit the endoplasm. You burn the endoplasm.
You feel very sick. The orc hits you but does no damage.
You are more poisoned.
You barely miss the orc. You hit the endoplasm. You burn the endoplasm.
You kill the endoplasm!
You feel very sick. The orc hits you but does no damage.
You are more poisoned.
Your plate armour prevents you from hitting the orc.
You feel very sick. The orc hits you but does no damage.
You are more poisoned.
You barely miss the orc.
You feel very sick.
The orc hits you with a +2 dagger of venom.
You are lethally poisoned!
Your plate armour prevents you from hitting the orc.
You feel extremely sick. The orc hits you but does no damage.
You are more poisoned.
You hit the orc but do no damage.
You feel extremely sick. The orc hits you but does no damage.
Your plate armour prevents you from hitting the orc.
* * * LOW HITPOINT WARNING * * *
You feel very sick. You block the orc's attack.
You barely miss the orc.
* * * LOW HITPOINT WARNING * * *
You feel very sick. The orc barely misses you.
You closely miss the orc.
* * * LOW HITPOINT WARNING * * *
You feel very sick. The orc hits you but does no damage.
You are more poisoned.
You slash the orc! You burn the orc.
You kill the orc!
You die...

#....# .....#
....###########
##+#............# #
..#............#
#.###.#............#
#.....#.)..........#
+.._)@'............#
#.....##...........#
#.###.##...........#
# ..##..........#...
##+##..........#.≈≈
#.........†#≈..
............#≈.≈
############.#≈.≈
#.#≈.≈


There were no monsters in sight!

Vanquished Creatures
  3 jellies (D:2)
  Jessica (D:2)
  5 gnolls
  4 adders (D:2)
  2 dart slugs (D:1)
  An orc (D:3)
  4 ball pythons
  11 bats
  18 endoplasms
  2 giant cockroaches (D:2)
  5 goblins
  4 hobgoblins
  2 quokkas (D:2)
  2 frilled lizards
  10 kobolds
  5 rats
79 creatures vanquished.

Vanquished Creatures (others)
  3 fungi (D:2)
  4 plants (D:1)
  8 toadstools (D:2)
15 creatures vanquished.

Grand Total: 94 creatures vanquished

Notes
Turn   | Place    | Note
-------+----------+-------------------------------------------
     0 | D:1      | a11behringer the Hill Orc Cinder Acolyte began the quest
                  | for the Orb.
     0 | D:1      | Reached XP level 1. HP: 19/19 MP: 2/2
   150 | D:1      | Reached XP level 2. HP: 17/26 MP: 3/3
   581 | D:1      | Reached XP level 3. HP: 11/33 MP: 4/4
  1091 | D:1      | Reached skill level 5 in Axes
  1816 | D:2      | Reached XP level 4. HP: 40/40 MP: 5/5
  1910 | D:2      | Noticed Jessica
  1920 | D:2      | Reached skill level 1 in Dodging
  1925 | D:2      | HP: 1/35 [Jessica (1)]
  1930 | D:2      | Killed Jessica
  1931 | D:2      | Reached skill level 6 in Axes
  1934 | D:2      | Got Jessica's Handbook of the Compass
  2344 | D:2      | Found a faded altar of an unknown god.
  2421 | D:2      | Reached XP level 5. HP: 8/43 MP: 6/6
  3416 | D:2      | Reached skill level 7 in Axes
  3419 | D:2      | Reached skill level 1 in Armour
  3419 | D:2      | Reached XP level 6. HP: 25/53 MP: 7/7
  4061 | D:3      | Found a hide-covered altar of Uskayaw.
  4100 | D:3      | Found an ancient bone altar of Kikubaaqudgha.
  4112 | D:3      | Succumbed to an orc's poison

Illustrated notes

Levels and vault maps discovered:
D:1:      denvon_arrival_planthouse, layout_basic
D:2:      cheibrodos_fertilizer, layout_loops_corners,
          chequers_ecumenical_altar_grove, kennysheep_jessica_study
D:3:      minmay_bubble_buster, layout_basic,
          mainiacjoe_overflow_six_doors_small, mainiacjoe_overflow_paths,
          uniq_robin

Skill      XL: |  1  2  3  4  5 |
---------------+----------------+-----
Axes           | 5 6 7 |  7.6
Dodging        | 1 |  1.1
Fighting       | 4 |  4.4
Armour         | 1 |  1.5
Spellcasting   | |  1.0
Fire Magic     | |  3.7

Action                   |  1- 3 |  4- 6 || total
-------------------------+-------+-------++-------
Melee: Hand axe          |    99 |   153 ||   252
  Use: Scroll            |     2 |       ||     2
Armor: Robe              |    22 |     3 ||    25
       Plate armour      |       |    66 ||    66
Dodge: Dodged            |    53 |    32 ||    85
Block: Other             |     7 |    39 ||    46
       Reflection        |       |     1 ||     1

Table legend: (Time is in decaauts)
 A = Elapsed time spent in this place.
 B = Non-inter-level travel time spent in this place.
 C = Inter-level travel time spent in this place.
 D = Time resting spent in this place.
 E = Time spent auto-exploring this place.
 F = Levels seen in this place.
 G = Mean time per level.
                   A        B        C        D        E       F      G
               +--------+--------+--------+--------+--------+-----+--------+
         Total |   4112 |   3636 |    476 |      0 |   3111 |   3 | 1370.7 |
       Dungeon |   4112 |   3636 |    476 |      0 |   3111 |   3 | 1370.7 |
               +--------+--------+--------+--------+--------+-----+--------+

Top non-repeatable levels by time:
     D:2: 2034 daAuts
     D:1: 1726 daAuts
     D:3: 351 daAuts
